cohdb
Replays
Latest Replays
All Replays
Popular Replays
Top Player Replays
Match Explorer
How It Works
Community
CoH3 Stats
Reddit
Sign in to upload your games and track your stats! →
Sign in with Steam
Match 41533233
Unlisted
Match 41533233
Overview
Messages
Build Orders
End
Panzergrenadier Squad
Selects Armored Support Battlegroup
250 Light Carrier
Panzergrenadier Squad
Construct Light Support Kompanie
Combat Half-tracks
Assault Grenadier Squad
Selects Superior Fire Drills
Fire Support Elements
Flakvierling Half-track
Vehicle Survival Package
Selects Vehicle Awareness
Vehicle Awareness
Tungsten Core Ammunition
2.5-tonne Medical Truck
MG34 Team
Selects Panzer Storm
Veteran Squad Leaders
Pak 38 Anti-tank Gun Team
Construct Panzerarmee Kommand
Max
Colbear
Devrye
Nefris
Made in Germany
Kitty
0
0
Comments
sign in to comment!
No comments posted yet!